Map: Prion Terraces

Players

Zerg - Winner!

  • Race: Zerg Zerg
  • League: Diamond

ILLBdA

  • Race: Protoss Protoss
  • League: Diamond

VOD

Have the link to the VOD?

Description

Time

  • Played on: Dec. 20, 2015, 7:28 a.m.
  • Length: 10:20
Show
View Real Time Build Order
Export as new Build Order

Zerg Zerg - Winner!

Build Orders: 3 Hatch before Pool 

Get SALT Encoding   

  12  0:02  Drone  
  13  0:14  Overlord  
  13  0:18  Drone  
  14  0:33  Drone  
  14  0:34  Drone  
  16  0:37  Drone  
  17  0:48  Drone  
  18  1:01  Hatchery  
  18  1:03  Drone  
  18  1:22  Hatchery  
  18  1:24  Drone  
  19  1:33  Drone x2, Spawning Pool  
  20  1:43  Drone  
  21  1:58  Hatchery  
  20  2:06  Drone  
  20  2:07  Drone  
  22  2:14  Evolution Chamber  
  22  2:21  Overlord  
  22  2:23  Hatchery  
  21  2:33  Queen  
  21  2:34  Extractor  
  22  2:49  Zergling x4  
  22  2:50  Drone  
  22  2:51  Drone, Queen  
  28  3:10  Drone x2  
  29  3:13  Drone x2  
  31  3:23  Spine Crawler  
  31  3:25  Drone x2  
  32  3:35  Drone x2  
  32  3:38  Queen  
  36  3:44  Zergling x4  
  38  3:51  Drone x2  
  40  4:03  Roach Warren  
  39  4:10  Lair  
  39  4:12  Drone x2, Extractor  
  39  4:13  Drone x3, Roach Warren  
  42  4:27  Overlord x2  
  42  4:34  Overlord  
  42  4:38  Metabolic Boost  
  42  4:44  Spore Crawler  
  40  4:48  Spore Crawler  
  40  4:50  Drone x4  
  39  4:59  Extractor  
  38  5:00  Extractor  
  37  5:08  Overlord  
  37  5:13  Spore Crawler  
  36  5:19  Queen x2  
  40  5:32  Drone x2  
  40  5:33  Drone x4, Spore Crawler x2  
  44  5:36  Spore Crawler  
  44  5:40  Drone x3  
  46  5:47  Drone x2  
  48  5:55  Drone x2  
  50  5:57  Drone  
  50  5:58  Drone x4  
  55  6:06  Glial Reconstitution  
  55  6:23  Overlord, Hydralisk Den  
  54  6:30  Queen x2  
  58  6:44  Overlord x2  
  58  6:51  Hatchery  
  57  7:03  Drone x2  
  57  7:04  Drone x5  
  57  7:05  Infestation Pit  
  57  7:06  Roach x5  
  73  7:10  Muscular Augments  
  73  7:19  Overlord x2  
  73  7:38  Hydralisk x5  
  81  7:46  Zergling x14  
  81  7:50  Drone x3, Extractor  
  90  7:57  Extractor  
  89  7:59  Extractor  
  84  8:09  Roach x4  
  84  8:10  Zergling x2  
  84  8:11  Roach x2  
  92  8:13  Roach x2  
  92  8:17  Roach x3  
  92  8:18  Roach  
  95  8:24  Roach  
  89  8:36  Drone x6  
  89  8:40  Drone  
  90  8:50  Drone x3, Zergling x2  
  90  8:51  Zergling x8  
  90  8:53  Overlord  
  92  8:56  Roach x2  
  96  9:04  Overlord  
  96  9:06  Spire  
  96  9:09  Overlord  
  95  9:14  Extractor  
  95  9:16  Overlord  
  94  9:25  Extractor  
  94  9:31  Hatchery  
  91  9:45  Hydralisk x2  
  90  9:46  Hydralisk x2  
  90  9:47  Zergling x18  
  90  9:48  Zergling x6  
  90  9:49  Drone x3  
  90  9:50  Drone  
Show
View Real Time Build Order
Export as new Build Order

ILLBdA Protoss 

Build Orders: Oracle Opening 

Get SALT Encoding   

  12  0:01  Probe (Chrono Boost)  
  13  0:11  Probe (Chrono Boost)  
  14  0:19  Pylon  
  14  0:22  Probe (Chrono Boost)  
  15  0:38  Probe (Chrono Boost)  
  16  0:48  Probe (Chrono Boost)  
  17  1:05  Gateway  
  17  1:10  Forge  
  17  1:11  Probe (Chrono Boost)  
  18  1:12  Assimilator  
  18  1:17  Assimilator  
  18  1:21  Probe (Chrono Boost)  
  19  1:32  Probe (Chrono Boost)  
  20  1:42  Probe (Chrono Boost)  
  20  1:46  Pylon  
  21  1:53  Cybernetics Core  
  21  1:54  Zealot (Chrono Boost)  
  23  2:03  Probe (Chrono Boost)  
  23  2:12  Pylon  
  23  2:14  Probe  
  26  2:26  Probe  
  27  2:34  Pylon  
  27  2:38  Probe  
  27  2:39  Adept (Chrono Boost)  
  27  2:40  Warp Gate  
  27  2:42  Photon Cannon  
  28  2:52  Probe  
  28  2:58  Stargate  
  29  3:05  Probe (Chrono Boost)  
  30  3:06  Adept (Chrono Boost)  
  30  3:17  Probe (Chrono Boost)  
  31  3:28  Mothership Core (Chrono Boost)  
  33  3:42  Oracle (Chrono Boost)  
  33  3:47  Nexus  
  36  3:50  Sentry  
  36  3:51  Gateway  
  38  4:07  Gateway  
  38  4:09  Pylon  
  38  4:28  Phoenix (Chrono Boost)  
  38  4:30  Probe  
  41  4:49  Phoenix (Chrono Boost)  
  43  5:02  Probe  
  43  5:03  Twilight Council  
  44  5:08  Pylon  
  44  5:09  Probe  
  44  5:12  Pylon  
  45  5:15  Probe  
  46  5:24  Phoenix (Chrono Boost)  
  48  5:29  Probe  
  48  5:31  Probe  
  50  5:37  Gateway x2  
  50  5:40  Gateway  
  50  5:45  Charge (Chrono Boost)  
  50  5:57  Zealot  
  50  5:58  Zealot x2  
  50  6:01  Phoenix  
  58  6:04  Probe  
  59  6:21  Probe  
  60  6:35  Zealot x3  
  60  6:37  Phoenix (Chrono Boost)  
  68  6:44  Pylon  
  68  6:48  Pylon  
  68  6:58  Zealot  
  68  6:59  Zealot x3  
  76  7:05  Pylon  
  76  7:07  Pylon  
  76  7:09  Zealot  
  76  7:10  Zealot  
  80  7:20  Pylon  
  80  7:23  Zealot  
  80  7:24  Zealot x3  
  88  7:40  Zealot x2  
  81  8:13  Zealot  
  81  8:14  Zealot x4  
  81  8:15  Zealot  
  85  8:36  Mothership Core  
  67  8:56  Zealot x4  
  67  8:57  Zealot x2  
  65  9:03  Templar Archives  
  65  9:08  Probe  
  65  9:09  Probe  
  66  9:12  Assimilator  
  66  9:13  Assimilator  
  67  9:19  Probe (Chrono Boost)  
  67  9:21  Probe (Chrono Boost)  
  67  9:23  Oracle (Chrono Boost)  
  73  9:31  Probe (Chrono Boost)  
  73  9:33  Probe (Chrono Boost)  
  73  9:40  Sentry x4  
  73  9:42  Probe (Chrono Boost)  
  73  9:43  Probe (Chrono Boost)  
  83  9:52  Probe (Chrono Boost)  
  72  9:54  Probe (Chrono Boost)  
  72  9:57  Adept  
  72  9:58  Adept  
  65  10:06  Adept x3  
  63  10:18  Zealot x2  
Tags
 
Add a new tag
Caveats
  • Supply blocks, unpowered buildings, or Contaminate may cause inaccurate times.
  • Supply counts are checked every 10 seconds.